 Dungeon Crawl Stone Soup version 0.28.0-53-g5a82cb258f (webtiles) character file.

Game seed: 1760074884301471646

9 Zeld the Ruffian (level 2, 0/28 HPs)
             Began as an Ogre Transmuter on May 22, 2022.
             Slain by a kobold
             ... wielding a +0 whip of electrocution
              (5 damage)
             ... on level 1 of the Dungeon.
             The game lasted 00:00:38 (397 turns).

Zeld the Ruffian (Ogre Transmuter)                   Turns: 397, Time: 00:00:38

Health: 0/28       AC:  3    Str: 13    XL:     2   Next: 12%
Magic:  4/5        EV:  9    Int: 14    God:
Gold:   6          SH:  0    Dex:  9    Spells: 5/6 levels left

rFire   . . .      SeeInvis .     - Unarmed
rCold   . . .      Faith    .   (no shield)
rNeg    . . .      Spirit   .   a - +0 robe
rPois   .          Reflect  .   (helmet restricted)
rElec   .          Harm     .   (no cloak)
rCorr   .          Rampage  .   (gloves unavailable)
Will    .....                   (boots unavailable)
Stlth   +.........              (no amulet)
HPRegen 0.09/turn               (no ring)
MPRegen 0.09/turn               (no ring)

@: no status effects
A: large, unfitting armour, tough skin 1
a: no special abilities


You were on level 1 of the Dungeon.
You visited 1 branch of the dungeon, and saw 1 of its levels.

You collected 6 gold pieces.

Inventory:

Armour
 a - a +0 robe (worn)
Jewellery
 c - a ring of flight
Scrolls
 b - a scroll of identify {unknown}


   Skills:
 + Level 1.7 Fighting
 - Level 1.7 Dodging
 - Level 2.6 Unarmed Combat
 * Level 2.6 Spellcasting
 * Level 2.0 Transmutations
 + Level 0.3 Ice Magic
 + Level 0.2 Poison Magic


You had 5 spell levels left.
You knew the following spells:

 Your Spells              Type           Power      Damage    Failure   Level
a - Beastly Appendage     Tmut           14%        N/A       10%         1

Your spell library contained the following spells:

 Spells                   Type           Power      Damage    Failure   Level
 Wereblood                Tmut           7%         N/A       14%         2
 Spider Form              Tmut/Pois      5%         N/A       38%         3
 Ice Form                 Ice/Tmut       5%         N/A       80%         4


Dungeon Overview and Level Annotations

Branches:
Dungeon (1/15)

Altars:


Innate Abilities, Weirdness & Mutations

You are too large for most types of armour.
You have tough skin. (AC +1)


Message History

The hobgoblin shouts!
Casting: Beastly Appendage (safe; 10% risk of failure)
Confirm with . or Enter, or press ? or * to list all spells.
You miscast Beastly Appendage.
You are very lightly contaminated with residual magic.
Nothing appears to happen.
A hobgoblin is nearby!
Casting: Beastly Appendage (safe; 10% risk of failure)
Confirm with . or Enter, or press ? or * to list all spells.
You grow a pair of large bovine horns.
Your feet morph into talons.
An endoplasm comes into view.
The endoplasm quivers.
You hit the hobgoblin.
You kill the hobgoblin!
Your Transmutations skill increases to level 2!
You have reached level 2!
A kobold comes into view.
It is wielding a +0 whip of electrocution.
Your magical contamination has completely faded away.
The kobold shouts!
The endoplasm freezes you.
You are frozen.
You hit the endoplasm but do no damage.
Your transformation is almost over.
The endoplasm closely misses you.
You hit the endoplasm.
The endoplasm is moderately wounded.
The endoplasm hits you but does no damage.
You barely miss the endoplasm. You headbutt the endoplasm.
You kill the endoplasm!
The kobold hits you with a +0 whip of electrocution.
You are electrocuted!
Ouch! That really hurt!
* * * LOW HITPOINT WARNING * * *
You are too injured to fight recklessly!
Press: ? - help, v - describe, . - travel
Here: a kobold, wielding a +0 whip of electrocution The floor.
Your horns disappear.
Your talons disappear.
The kobold hits you with a +0 whip of electrocution.
You die...

#######<#.........#
#............
###.........###.###...###.#
#.............# ##.## #.#
#........^....# #†# #.#
##.##.##......# #.# #†#
#............####.# #..
####..............# ##.
####.####.###### #. #@#
#.##########. #K#
#............ #.#
#######...... #.# #.###).
#.# #....†. #.# #..#### #.#
#..# #.# #..# #.# #..#


You could see a kobold.

Vanquished Creatures
  An endoplasm (D:1)
  A goblin (D:1)
  A hobgoblin (D:1)
  A kobold (D:1)
  A ball python (D:1)
  A bat (D:1)
  A frilled lizard (D:1)
  2 rats (D:1)
9 creatures vanquished.

Notes
Turn   | Place    | Note
-------+----------+-------------------------------------------
     0 | D:1      | Zeld the Ogre Transmuter began the quest for the Orb.
     0 | D:1      | Reached XP level 1. HP: 19/19 MP: 3/3
    17 | D:1      | Found a faded altar of an unknown god.
   380 | D:1      | Reached XP level 2. HP: 27/27 MP: 2/5
   397 | D:1      | Slain by a kobold

Illustrated notes

Levels and vault maps discovered:
D:1:      saegor_arrival_simple_a, layout_loops_ring, basic_ecumenical_altar

Skill      XL: |  1 |
---------------+----+-----
Transmutations | 2 |  2.0
Fighting       | |  1.7
Dodging        | |  1.7
Unarmed Combat | |  2.6
Spellcasting   | |  2.6
Ice Magic      | |  0.3
Poison Magic   | |  0.2

Action                   || total
-------------------------++-------
Melee: Unarmed           ||    23
       Kick              ||     2
       Headbutt          ||     2
 Cast: Beastly Appendage ||     9
Armor: Robe              ||    13
Dodge: Dodged            ||    11
